General information
- name: BNet
- type: Ladder team game (AT/RT)
- host: Battle.net
- saver: zA.AbazaisaFaig
map: Friends
- players: 8
- length: 20:44
- speed: Fast
- version: 1.26 W3XP
- replay type: Public
» download(159 KB)
Players
team 1 (winner)
zA.AbazaisaFaig (
purple | 113 APM | 2338 actions | 20:44)
5 Death Knight
3 Death Coil
2 Unholy Aura
5 Dark Ranger
2 Black Arrow
3 Silence
3 Shadow Hunter
2 Healing Wave
1 Big Bad Voodoo
» actions
| Assign group hotkey | 29 | |
| Basic commands | 605 | |
| Build / train | 69 | |
| Enter build submenu | 22 | |
| Enter hero's abilities submenu | 13 | |
| Remove unit from queue | 1 | |
| Right click | 764 | |
| Select / deselect | 373 | |
| Select group hotkey | 366 | |
| Use ability | 96 | |
2338 total
» units
| Acolyte | 2 | |
| Ghoul | 2 | |
| Crypt Fiend | 7 | |
| Obsidian Statue | 2 | |
| Frost Wyrm | 3 | |
| Shaman | 6 | |
22 total
» upgrades
| Creature Attack | 2 | |
| Creature Carapace | 2 | |
| Web | 1 | |
| Ranged Weapons | 1 | |
| Shaman Training | 2 | |
8 total
» buildings
| Graveyard | 1 | |
| Crypt | 1 | |
| Ziggurat | 7 | |
| Altar of Darkness | 1 | |
| Nerubian Tower | 1 | |
| Tomb of Relics | 1 | |
| Halls of the Dead | 2 | |
| Black Citadel | 1 | |
| Slaughterhouse | 1 | |
| Sacrificial Pit | 1 | |
| Boneyard | 2 | |
| Spirit Tower | 1 | |
| Spirit Lodge | 2 | |
| Orc Burrow | 3 | |
25 total
» build order
00:16 Graveyard
00:22 Crypt
00:43 Ziggurat
00:59 Altar of Darkness
01:19 Ziggurat
01:43 Nerubian Tower
02:07 Tomb of Relics
03:56 Halls of the Dead
04:18 Ziggurat
05:19 Ziggurat
08:12 Black Citadel
08:14 Slaughterhouse
08:21 Sacrificial Pit
11:47 Boneyard
11:48 Boneyard
12:29 Ziggurat
12:30 Ziggurat
12:32 Spirit Tower
13:00 Spirit Lodge
13:02 Spirit Lodge
15:51 Orc Burrow
16:18 Ziggurat
16:35 Orc Burrow
16:37 Orc Burrow
» items
| Rod of Necromancy | 2 | |
| Orb of Corruption | 1 | |
| Potion of Healing | 1 | |
| Scroll of Healing | 1 | |
| Scroll of Town Portal | 2 | |
| Scroll of Speed | 1 | |
8 total

»
dontustart (
orange | 37 APM | 473 actions | 12:44)
3 Shadow Hunter
2 Serpent Ward
1 Healing Wave
» actions
| Assign group hotkey | 4 | |
| Build / train | 35 | |
| Enter build submenu | 12 | |
| Enter hero's abilities submenu | 3 | |
| Right click | 200 | |
| Select / deselect | 122 | |
| Select group hotkey | 58 | |
| Use ability | 39 | |
473 total
» units
| Peon | 8 | |
| Wind Rider | 8 | |
| Troll Batrider | 2 | |
18 total
» upgrades
| Spiked Barricades | 1 | |
| Armor | 2 | |
| Ranged Weapons | 3 | |
| Envenomed Spears | 1 | |
7 total
» buildings
| Orc Burrow | 5 | |
| Altar of Storms | 1 | |
| War Mill | 1 | |
| Stronghold | 1 | |
| Beastiary | 2 | |
| Voodoo Lounge | 1 | |
| Fortress | 1 | |
12 total
» build order
00:09 Orc Burrow
00:24 Altar of Storms
00:59 Orc Burrow
02:03 Orc Burrow
02:40 War Mill
03:08 Stronghold
03:45 Orc Burrow
04:43 Orc Burrow
05:35 Beastiary
05:40 Beastiary
06:10 Voodoo Lounge
10:00 Fortress
» items
| Rod of Necromancy | 1 | |
| Potion of Healing | 1 | |
| Lesser Clarity Potion | 1 | |
3 total
peepoopeepoo (
teal | 43 APM | 890 actions | 20:42)
4 Blademaster
2 Critical Strike
2 Wind Walk
1 Shadow Hunter
1 Hex
» actions
| Basic commands | 13 | |
| Build / train | 52 | |
| Enter build submenu | 24 | |
| Enter hero's abilities submenu | 5 | |
| Remove unit from queue | 2 | |
| Right click | 482 | |
| Select / deselect | 236 | |
| Use ability | 76 | |
890 total
» units
| Peon | 12 | |
| Grunt | 6 | |
| Forest Troll Shadow Priest | 1 | |
| Wind Rider | 3 | |
| Troll Batrider | 2 | |
| Raider | 3 | |
| Shaman | 1 | |
28 total
» upgrades
| Spiked Barricades | 1 | |
| Armor | 1 | |
| Ensnare | 1 | |
| Melee Weapons | 1 | |
| Reinforced Defenses | 1 | |
| Liquid Fire | 1 | |
6 total
» buildings
| Barracks | 1 | |
| Orc Burrow | 7 | |
| Altar of Storms | 1 | |
| War Mill | 1 | |
| Voodoo Lounge | 1 | |
| Watch Tower | 9 | |
| Stronghold | 1 | |
| Beastiary | 2 | |
| Fortress | 1 | |
| Great Hall | 1 | |
25 total
» build order
00:16 Barracks
00:21 Orc Burrow
00:56 Altar of Storms
01:32 Orc Burrow
02:41 War Mill
02:52 Voodoo Lounge
04:06 Watch Tower
04:22 Orc Burrow
05:01 Stronghold
05:10 Watch Tower
06:06 Watch Tower
06:10 Watch Tower
06:59 Watch Tower
07:04 Watch Tower
07:18 Orc Burrow
08:39 Beastiary
08:44 Beastiary
08:52 Watch Tower
11:07 Fortress
11:11 Watch Tower
12:22 Watch Tower
13:55 Orc Burrow
16:11 Great Hall
16:24 Orc Burrow
16:27 Orc Burrow
» items
| Healing Salve | 6 | |
| Orb of Lightning | 1 | |
7 total
legoboy7 (
blue | 29 APM | 608 actions | 20:42)
6 Archmage
2 Summon Water Elemental
3 Brilliance Aura
1 Mass Teleport
» actions
| Basic commands | 1 | |
| Build / train | 67 | |
| Enter build submenu | 21 | |
| Enter hero's abilities submenu | 6 | |
| Right click | 247 | |
| Select / deselect | 215 | |
| Use ability | 51 | |
608 total
» units
| Peasant | 11 | |
| Footman | 10 | |
| Rifleman | 11 | |
| Siege Engine | 1 | |
33 total
» upgrades
| Masonry | 2 | |
| Swords | 1 | |
| Plating | 2 | |
| Gunpowder | 3 | |
| Armor | 2 | |
| Long Rifles | 1 | |
| Lumber Harvesting | 1 | |
| Barrage | 1 | |
13 total
» buildings
| Altar of Kings | 1 | |
| Farm | 8 | |
| Lumber Mill | 1 | |
| Barracks | 2 | |
| Scout Tower | 5 | |
| Guard Tower | 4 | |
| Keep | 1 | |
| Blacksmith | 1 | |
| Castle | 1 | |
| Workshop | 1 | |
25 total
» build order
00:09 Altar of Kings
00:23 Farm
00:47 Lumber Mill
01:08 Barracks
01:58 Scout Tower
02:05 Farm
02:47 Scout Tower
02:49 Guard Tower
02:59 Scout Tower
03:32 Guard Tower
03:40 Farm
04:37 Guard Tower
04:40 Scout Tower
04:42 Keep
05:07 Blacksmith
05:14 Guard Tower
05:17 Farm
08:11 Castle
08:16 Barracks
10:13 Farm
11:31 Farm
13:09 Farm
16:21 Farm
17:27 Workshop
20:24 Scout Tower
» items
| Scroll of Speed | 2 | |
| Scroll of Town Portal | 3 | |
| Potion of Healing | 1 | |
| Potion of Mana | 1 | |
| Healing Salve | 1 | |
8 total
team 2 (loser)

»
Salty-Cracker (
green | 72 APM | 1498 actions | 20:41)
3 Firelord
1 Summon Lava Spawn
2 Soul Burn
3 Dark Ranger
2 Black Arrow
1 Life Drain
» actions
| Assign group hotkey | 26 | |
| Basic commands | 232 | |
| Build / train | 61 | |
| Enter build submenu | 15 | |
| Enter hero's abilities submenu | 6 | |
| Remove unit from queue | 1 | |
| Right click | 450 | |
| Select / deselect | 349 | |
| Select group hotkey | 322 | |
| Use ability | 36 | |
1498 total
» units
| Wisp | 12 | |
| Archer | 9 | |
| Chimaera | 15 | |
| Hippogryph | 7 | |
43 total
» upgrades
| Corrosive Breath | 1 | |
| Strength of the Wild | 2 | |
| Reinforced Hides | 1 | |
4 total
» buildings
| Altar of Elders | 1 | |
| Moon Well | 7 | |
| Ancient of War | 1 | |
| Tree of Ages | 1 | |
| Hunter's Hall | 1 | |
| Ancient Protector | 2 | |
| Tree of Eternity | 1 | |
| Ancient of Wind | 1 | |
| Chimaera Roost | 2 | |
17 total
» build order
00:09 Altar of Elders
00:13 Moon Well
00:46 Ancient of War
01:09 Moon Well
02:39 Moon Well
03:45 Tree of Ages
04:41 Hunter's Hall
05:02 Moon Well
05:51 Ancient Protector
06:06 Tree of Eternity
06:37 Ancient of Wind
08:27 Chimaera Roost
08:29 Chimaera Roost
09:56 Moon Well
12:02 Moon Well
13:20 Moon Well
15:57 Ancient Protector
» items
| Scroll of Town Portal | 2 | |
| Lesser Clarity Potion | 1 | |
3 total
Apocs_Creed (
pink | 37 APM | 761 actions | 20:33)
3 Blood Mage
2 Flame Strike
1 Siphon Mana
2 Paladin
1 Holy Light
1 Divine Shield
» actions
| Assign group hotkey | 7 | |
| Build / train | 74 | |
| Enter build submenu | 24 | |
| Enter hero's abilities submenu | 5 | |
| Remove unit from queue | 3 | |
| Right click | 311 | |
| Select / deselect | 246 | |
| Select group hotkey | 5 | |
| Use ability | 86 | |
761 total
» units
| Peasant | 20 | |
| Footman | 2 | |
| Rifleman | 7 | |
| Mortar Team | 2 | |
| Siege Engine | 4 | |
35 total
» upgrades
| Masonry | 2 | |
| Gunpowder | 1 | |
| Barrage | 1 | |
| Plating | 1 | |
5 total
» buildings
| Farm | 8 | |
| Altar of Kings | 1 | |
| Barracks | 1 | |
| Scout Tower | 11 | |
| Lumber Mill | 1 | |
| Blacksmith | 1 | |
| Arcane Tower | 2 | |
| Guard Tower | 7 | |
| Keep | 1 | |
| Arcane Vault | 1 | |
| Workshop | 2 | |
| Castle | 1 | |
| Town Hall | 1 | |
38 total
» build order
00:07 Farm
00:13 Altar of Kings
00:48 Farm
01:13 Barracks
01:27 Farm
01:46 Scout Tower
01:47 Scout Tower
02:00 Lumber Mill
02:22 Blacksmith
02:30 Scout Tower
02:35 Scout Tower
03:08 Arcane Tower
03:11 Guard Tower
03:47 Farm
04:12 Guard Tower
04:31 Farm
04:59 Scout Tower
05:01 Scout Tower
05:02 Scout Tower
05:47 Keep
05:52 Arcane Vault
06:02 Farm
06:04 Farm
06:22 Arcane Tower
06:25 Farm
06:27 Guard Tower
06:47 Scout Tower
06:49 Scout Tower
08:43 Scout Tower
08:44 Scout Tower
13:50 Guard Tower
13:52 Guard Tower
13:54 Guard Tower
14:23 Guard Tower
14:35 Workshop
15:44 Workshop
16:19 Castle
18:33 Town Hall
» items
| Scroll of Regeneration | 1 | |
| Lesser Clarity Potion | 3 | |
| Potion of Healing | 3 | |
| Potion of Mana | 1 | |
| Ivory Tower | 4 | |
| Scroll of Town Portal | 1 | |
13 total
Leon.Scott (
red | 79 APM | 1624 actions | 20:36)
4 Archmage
2 Blizzard
2 Brilliance Aura
» actions
| Assign group hotkey | 29 | |
| Basic commands | 36 | |
| Build / train | 40 | |
| ESC pressed | 1 | |
| Enter build submenu | 21 | |
| Enter hero's abilities submenu | 4 | |
| Right click | 791 | |
| Select / deselect | 397 | |
| Select group hotkey | 253 | |
| Use ability | 52 | |
1624 total
» units
| Peasant | 10 | |
| Dragonhawk Rider | 1 | |
| Gryphon Rider | 8 | |
19 total
» upgrades
| Cloud | 1 | |
| Storm Hammers | 1 | |
| Swords | 2 | |
4 total
» buildings
| Altar of Kings | 1 | |
| Farm | 12 | |
| Lumber Mill | 1 | |
| Arcane Vault | 1 | |
| Scout Tower | 2 | |
| Guard Tower | 1 | |
| Arcane Tower | 1 | |
| Keep | 1 | |
| Castle | 2 | |
| Gryphon Aviary | 3 | |
| Blacksmith | 1 | |
26 total
» build order
00:30 Altar of Kings
00:48 Farm
01:25 Farm
02:02 Farm
02:04 Lumber Mill
02:50 Arcane Vault
03:01 Scout Tower
03:04 Scout Tower
03:29 Guard Tower
03:32 Arcane Tower
04:00 Keep
06:22 Castle
06:22 Castle
06:32 Gryphon Aviary
06:33 Gryphon Aviary
06:36 Gryphon Aviary
07:58 Farm
07:59 Farm
08:00 Farm
08:38 Farm
09:05 Farm
09:21 Farm
10:02 Farm
16:01 Blacksmith
17:21 Farm
17:23 Farm
» items
| Scroll of Regeneration | 2 | |
| Scroll of Town Portal | 2 | |
| Staff of Sanctuary | 1 | |
| Healing Wards | 1 | |
6 total
CaptainKirkus (
yellow | 55 APM | 1130 actions | 20:40)
3 Mountain King
2 Storm Bolt
1 Bash
» actions
| Assign group hotkey | 15 | |
| Basic commands | 2 | |
| Build / train | 36 | |
| Enter build submenu | 20 | |
| Enter hero's abilities submenu | 3 | |
| Right click | 581 | |
| Select / deselect | 226 | |
| Select group hotkey | 172 | |
| Use ability | 75 | |
1130 total
» units
| Peasant | 6 | |
| Footman | 6 | |
| Dragonhawk Rider | 9 | |
21 total
» upgrades
» buildings
| Barracks | 1 | |
| Altar of Kings | 1 | |
| Farm | 7 | |
| Scout Tower | 5 | |
| Lumber Mill | 1 | |
| Arcane Tower | 1 | |
| Keep | 1 | |
| Blacksmith | 2 | |
| Arcane Vault | 1 | |
| Gryphon Aviary | 2 | |
| Guard Tower | 2 | |
| Castle | 1 | |
25 total
» build order
00:13 Barracks
00:15 Altar of Kings
00:17 Farm
01:29 Farm
01:38 Scout Tower
02:35 Lumber Mill
02:54 Farm
02:59 Arcane Tower
04:07 Keep
04:37 Blacksmith
04:39 Arcane Vault
04:46 Blacksmith
05:34 Farm
06:24 Farm
06:37 Gryphon Aviary
06:38 Gryphon Aviary
07:08 Scout Tower
07:40 Farm
07:42 Guard Tower
10:03 Farm
14:13 Scout Tower
14:16 Scout Tower
14:19 Scout Tower
15:43 Guard Tower
16:09 Castle
» items
Chat log
(00:08 / Allies) zA.AbazaisaFaig: feed me
(00:10 / Allies) zA.AbazaisaFaig: someone feed me please
(00:19 / Allies) legoboy7: what you getting
(00:33 / Allies) zA.AbazaisaFaig: does it matter lol? I'll rape them trust me
(00:34 / Allies) peepoopeepoo: fast wyrms i guess
(00:41 / Allies) legoboy7: yes
(00:45 / Allies) peepoopeepoo: level 14 guys
(00:48 / Allies) zA.AbazaisaFaig: dual crypt fiends
(00:52 / Allies) zA.AbazaisaFaig: to fast wyrms
(01:04 / Allies) legoboy7: fiends no good agains humans
(01:06 / Allies) zA.AbazaisaFaig: lol I'm 37-16
(01:12 / Allies) zA.AbazaisaFaig: and the previous level 42 rank 1
(01:37 / Allies) zA.AbazaisaFaig: just play it doesn't matter
(01:40 / Allies) zA.AbazaisaFaig: split rush I guess
(01:43 / Allies) legoboy7: get frosties fast
(01:52 / Allies) legoboy7: they gonna rush us
(02:53 / Allies) zA.AbazaisaFaig: are you really teching vs 3 humans?>
(04:26 / Allies) dontustart: wyves
(04:27 / Allies) zA.AbazaisaFaig: chase him
(04:55 / Allies) legoboy7: teal come
(05:05 / Allies) peepoopeepoo: we odn't rush?
(05:08 / All) Leon.Scott: lol
(05:09 / Allies) legoboy7: no
(05:23 / Allies) zA.AbazaisaFaig: meet my base
(05:24 / Allies) zA.AbazaisaFaig: lets hit
(05:32 / Allies) legoboy7: ?
(05:34 / Allies) zA.AbazaisaFaig: go build orange
(08:05 / Allies) legoboy7: out
(08:17 / Allies) zA.AbazaisaFaig: he annoys me
(08:27 / Allies) dontustart: =/
(08:31 / Allies) zA.AbazaisaFaig: come ornage
(08:32 / Allies) zA.AbazaisaFaig: we go back
(08:34 / Allies) zA.AbazaisaFaig: this is fucking gay
(08:35 / Allies) dontustart: k
(08:37 / Allies) zA.AbazaisaFaig: red has been creeeping all game
(08:39 / Allies) dontustart: i got wyves
(08:41 / Allies) zA.AbazaisaFaig: or teching
(08:43 / Allies) legoboy7: he level 1
(08:44 / Allies) zA.AbazaisaFaig: and teal won't even come attack
(08:48 / Allies) zA.AbazaisaFaig: he's on tier 3
(08:52 / Allies) zA.AbazaisaFaig: massing gryphs
(08:58 / Allies) dontustart: fuck..
(09:04 / Allies) legoboy7: hit red again
(09:46 / Allies) zA.AbazaisaFaig: go
(09:47 / Allies) zA.AbazaisaFaig: let teal go hit
(09:48 / Allies) zA.AbazaisaFaig: top
(09:50 / Allies) zA.AbazaisaFaig: go hit top teal
(09:52 / Allies) zA.AbazaisaFaig: force tps
(09:54 / Allies) legoboy7: teal hit them backside
(09:56 / Allies) legoboy7: when they tp
(10:04 / Allies) legoboy7: wait till they tp
(10:29 / Allies) legoboy7: pur over here
(10:41 / Allies) legoboy7: fuck
(11:20 / Allies) zA.AbazaisaFaig: FIGHT
(11:25 / Allies) zA.AbazaisaFaig: ROANGE NO
(11:26 / Allies) zA.AbazaisaFaig: WTF
(11:34 / Allies) dontustart: they tp
(11:38 / Allies) zA.AbazaisaFaig: omfg
(11:38 / Allies) zA.AbazaisaFaig: idiot
(11:44 / Allies) legoboy7: they had us
(11:45 / Allies) dontustart: go bak then
(11:46 / Allies) dontustart: noob
(11:54 / Allies) zA.AbazaisaFaig: this idiot
(12:04 / Allies) zA.AbazaisaFaig: need lust
(12:20 / Allies) zA.AbazaisaFaig: wtf
(12:35 / Allies) dontustart: teal sucks he was lvl 1 anywa
(12:36 / Allies) dontustart: g
(12:37 / All) dontustart: g
(13:10 / Allies) zA.AbazaisaFaig: i go tornage
(13:12 / Allies) zA.AbazaisaFaig: just keep masing
(13:16 / Allies) zA.AbazaisaFaig: need tela to hit withus in order to win
(14:02 / Allies) zA.AbazaisaFaig: tela
(14:04 / Allies) zA.AbazaisaFaig: come hit with us
(14:06 / Allies) zA.AbazaisaFaig: please
(14:20 / Allies) zA.AbazaisaFaig: rofl
(14:38 / Allies) legoboy7: teal what you doing
(14:51 / Allies) zA.AbazaisaFaig: fycjk we tp
(14:54 / Allies) zA.AbazaisaFaig: godl me now
(14:55 / Allies) zA.AbazaisaFaig: 200\
(15:04 / Allies) zA.AbazaisaFaig: 100 now
(15:05 / Allies) zA.AbazaisaFaig: fuck
(16:11 / Allies) zA.AbazaisaFaig: wait unitl ornage has lust
(16:14 / Allies) zA.AbazaisaFaig: only way we can rape them
(16:28 / Allies) legoboy7: lumber me for tanks
(16:37 / Allies) peepoopeepoo: gold?
(16:51 / Allies) legoboy7: lumber me
(17:08 / Allies) legoboy7: kidding?
(17:13 / Allies) legoboy7: no one has lumber
(17:15 / Allies) zA.AbazaisaFaig: lust almost out
(17:23 / Allies) peepoopeepoo: get tp
(17:30 / Allies) zA.AbazaisaFaig: walk now
(17:32 / Allies) zA.AbazaisaFaig: we hit yellows base
(17:54 / Allies) legoboy7: come teal
(18:10 / Allies) legoboy7: lumber fuck
(18:39 / Allies) zA.AbazaisaFaig: this will be funny with the lust
(18:41 / Allies) legoboy7: thanks
(18:46 / Allies) zA.AbazaisaFaig: lets go teal
(18:46 / Allies) zA.AbazaisaFaig: idiot
(18:53 / Allies) legoboy7: together
(19:04 / Allies) zA.AbazaisaFaig: tealk this way
(19:05 / Allies) zA.AbazaisaFaig: diiot
(19:06 / Allies) legoboy7: teal
(19:10 / Allies) legoboy7: wtf
(19:13 / Allies) legoboy7: hotdog
(20:01 / All) Leon.Scott: yellow is a retard
(20:05 / All) CaptainKirkus: lol
(20:08 / All) Leon.Scott: so fcking noob ruinded us
(20:09 / All) CaptainKirkus: Red din't do shit the entire game
(20:18 / All) CaptainKirkus: Teal, get fucked
(20:19 / Allies) legoboy7: wipeout
(20:29 / All) Leon.Scott: yellow atacks 1 vs 4
(20:30 / Allies) zA.AbazaisaFaig: told you
(20:33 / All) CaptainKirkus: ...lmao
(20:37 / All) CaptainKirkus: You ran away like the pathetic pussy you are